 Dungeon Crawl Stone Soup version 0.28.0-45-g0d030f2227 (webtiles) character file.

Game seed: 13359104172971905271

269 nickcage the Slasher (level 6, -1/47 HPs)
             Began as a Demonspawn Abyssal Knight on Apr 13, 2022.
             Was a Believer of Lugonu.
             Slain by a wyvern (13 damage)
             ... on level 5 of the Dungeon.
             The game lasted 00:11:42 (5257 turns).

nickcage the Slasher (Demonspawn Abyssal Knight)    Turns: 5257, Time: 00:11:43

Health: -1/47      AC: 11    Str: 15    XL:     6   Next: 1%
Magic:  7/7        EV:  9    Int: 11    God:    Lugonu [**....]
Gold:   228        SH:  0    Dex: 14    Spells: 5/5 levels left

rFire   . . .      SeeInvis .   n - +1 long sword (venom)
rCold   . . .      Faith    .   (no shield)
rNeg    . . .      Spirit   .   d - +0 scale mail
rPois   +          Reflect  .   (no helmet)
rElec   .          Harm     .   j - +0 cloak
rCorr   .          Rampage  .   c - +1 pair of gloves
Will    .....                   (no boots)
Stlth   ..........              (no amulet)
HPRegen 0.15/turn               p - ring of poison resistance
MPRegen 0.10/turn               (no ring)

@: no status effects
A: thin metallic scales 1, powered by death 1, weakness stinger 1
a: Renounce Religion, Depart the Abyss, Bend Space


You were on level 5 of the Dungeon.
You worshipped Lugonu.
Lugonu was pleased with you.
You visited 1 branch of the dungeon, and saw 5 of its levels.
You visited the Abyss 1 time.

You collected 228 gold pieces.

Inventory:

Hand Weapons
 a - a +1 falchion
 n - a +1 long sword of venom (weapon)
Missiles
 g - 7 poisoned darts (quivered)
Armour
 b - a +0 leather armour
 c - a +1 pair of gloves (worn)
 d - a +0 scale mail (worn)
 j - a +0 cloak (worn)
 o - a +0 ring mail
Jewellery
 p - a ring of poison resistance (left hand)
Scrolls
 f - 2 scrolls of teleportation
 m - 3 scrolls of enchant armour
 q - 2 scrolls of identify
Potions
 e - a potion of cancellation {unknown}
 h - a potion of brilliance {unknown}
 i - 2 potions of curing
 k - a potion of flight {unknown}
 l - 2 potions of might {unknown}


   Skills:
 - Level 3.0 Fighting
 + Level 5.8 Long Blades
 - Level 1.7 Armour
 - Level 0.8 Dodging
 - Level 2.4 Invocations


You had 5 spell levels left.
You didn't know any spells.
Your spell library contained the following spells:

 Spells                   Type           Power      Damage    Failure   Level
 Summon Forest            Summ/Tloc      0%         N/A       100%        5
 Eringya's Noxious Bog    Tmut/Pois      0%         N/A       100%        6
 Summon Hydra             Summ           0%         N/A       100%        7


Dungeon Overview and Level Annotations

Branches:
Dungeon (5/15)
 Temple: D:4-7

Altars:
Okawaru
Sif Muna

Shops:
D:2 :   D:4 (


Innate Abilities, Weirdness & Mutations

You are partially covered in thin metallic scales. (AC +2)
You regenerate a little health from kills.
You have a small tail.


Message History

The orc priest hits you but does no damage.
You barely miss the orc priest. You tail-slap the orc priest.
You kill the orc priest!
Lugonu accepts your kill.
The orc hits you from afar with a +0 trident.
You have reached level 6!
Your demonic ancestry asserts itself...
A wave of death washes over you. The orc hits you but does no damage.
Items here: )) [ ††.
You barely miss the orc.
Your tail-slap misses the orc.
The orc hits you but does no damage.
You barely miss the orc. The orc hits you with a +0 trident.
You hit the orc. You tail-slap the orc.
The orc is moderately wounded.
A wyvern comes into view.
The orc closely misses you.
The wyvern hisses angrily.
You slash the orc!
You kill the orc!
Lugonu accepts your kill.
Things that are here:
a +0 trident; a boomerang; an orc corpse The wyvern bites you.
You barely miss the wyvern.
The wyvern bites you but does no damage.
The wyvern closely misses you.
You closely miss the wyvern. You tail-slap the wyvern.
The wyvern is lightly wounded.
The wyvern bites you!
You barely miss the wyvern.
The wyvern is lightly wounded.
The wyvern completely misses you. The wyvern bites you!
* * * LOW HITPOINT WARNING * * *
You are too injured to fight recklessly!
You are too injured to fight recklessly!
You hit the wyvern.
The wyvern is poisoned.
The wyvern is lightly wounded.
The wyvern barely misses you. The wyvern bites you!
You die...

######### #...)...#
#.#########.#####.#
......l@))..# #.#
#.###############.#
.........#
############..###
#<..............#
##########...####
#...# #...# ...^#


You could see a wyvern (very poisoned).

Vanquished Creatures
  A kobold brigand (D:4)
  2 orc priests (D:5)
  7 adders
  3 worms
  2 dart slugs (D:2)
  2 orcs (D:5)
  6 ball pythons
  7 endoplasms
  3 giant cockroaches
  9 goblins
  8 hobgoblins
  A jackal (D:2)
  6 kobolds
  2 quokkas
  A bat (D:1)
  3 frilled lizards
  A quokka skeleton (D:4)
  5 rats
69 creatures vanquished.

Notes
Turn   | Place    | Note
-------+----------+-------------------------------------------
     0 | Abyss:1  | nickcage the Demonspawn Abyssal Knight began the quest for
                  | the Orb.
     0 | Abyss:1  | Reached XP level 1. HP: 18/18 MP: 2/2
     6 | D:1      | Escaped the Abyss
   100 | D:1      | Reached skill level 2 in Long Blades
   482 | D:1      | Gained mutation: You are partially covered in thin metallic
                  | scales. (AC +2) [demonic ancestry]
   482 | D:1      | Reached XP level 2. HP: 24/24 MP: 3/3
   789 | D:1      | Reached skill level 3 in Long Blades
  1324 | D:2      | Found Afydofarph's Book Shoppe.
  1347 | D:2      | Reached ** piety under Lugonu
  1373 | D:2      | Gained mutation: You have a small tail. [demonic ancestry]
  1373 | D:2      | Reached XP level 3. HP: 26/29 MP: 4/4
  1789 | D:2      | Reached XP level 4. HP: 35/35 MP: 5/5
  1827 | D:2      | Reached skill level 4 in Long Blades
  1874 | D:2      | Found an iron altar of Okawaru.
  2779 | D:3      | Found a faded altar of an unknown god.
  3753 | D:4      | Noticed a black bear
  4030 | D:4      | Reached XP level 5. HP: 41/41 MP: 6/6
  4207 | D:4      | Found a shimmering blue altar of Sif Muna.
  4281 | D:4      | Reached skill level 5 in Long Blades
  5077 | D:4      | Found Foapp's Antique Weapon Boutique.
  5213 | D:5      | Entered Level 5 of the Dungeon
  5247 | D:5      | Gained mutation: You regenerate a little health from kills.
                  | [demonic ancestry]
  5247 | D:5      | Reached XP level 6. HP: 32/47 MP: 7/7
  5250 | D:5      | Noticed a wyvern
  5257 | D:5      | Slain by a wyvern

Illustrated notes

Levels and vault maps discovered:
D:1:      sevenhm_arrival_forest_fort_small_6, layout_basic,
          minmay_misc_feat_tower, serial_bayou_pond_a, minivault_5
D:2:      layout_loops_corners, basic_altar, serial_shops, shop, minmay_cut_off
D:3:      layout_loops_ring, hellmonk_ecumenical_altar_pennies_from_heaven
D:4:      layout_gridville, lemuel_blue_sif_altar, serial_shops,
          nicolae_shop_crystal
D:5:      layout_basic, serial_shops, shop, uniq_ijyb

Skill      XL: |  1  2  3  4  5 |
---------------+----------------+-----
Long Blades    | 2 3 4 5 |  5.8
Fighting       | |  3.0
Armour         | |  1.7
Dodging        | |  0.8
Invocations    | |  2.4

Action                   |  1- 3 |  4- 6 || total
-------------------------+-------+-------++-------
Melee: Falchion          |    92 |    82 ||   174
       Punch             |     1 |       ||     1
       Tailslap          |     1 |    11 ||    12
       Long sword        |       |    43 ||    43
  Use: Scroll            |       |    11 ||    11
 Stab: Sleeping          |     1 |       ||     1
Armor: Leather armour    |    30 |    32 ||    62
       Ring mail         |       |     5 ||     5
       Scale mail        |       |     6 ||     6
Dodge: Dodged            |    46 |    63 ||   109
